 Seeded DCSS version 0.27-a0-1456-gf5a1169 (webtiles) character file.

Game seed: 1173139850227633904 (custom seed)

100027 airbender the Spear-Bearer (level 15, 0/128 HPs)
             Began as a White Draconian Fighter on July 5, 2021.
             Was a High Priest of Qazlal.
             Slain by a jumping spider (6 damage)
             ... on level 2 of the Spider Nest.
             The game lasted 01:40:18 (33557 turns).

airbender the Spear-Bearer (DrFi)                  Turns: 33557, Time: 01:40:19

Health: 0/128      AC: 11    Str: 21    XL:     15   Next: 79%
Magic:  30/30      EV: 13    Int: 19    God:    Qazlal [*****.]
Gold:   1120       SH: 20    Dex: 13    Spells: 11/22 levels left

rFire    + . .     SeeInvis +   R - +5 trident (distort)
rCold    + + .     Faith    .   b - +0 kite shield
rNeg     . . .     Spirit   .   (armour unavailable)
rPois    +         Reflect  .   K - +0 hat
rElec    +         Harm     .   A - +0 cloak
rCorr    +         Rampage  .   f - +0 pair of gloves
Will     +++..                  r - +0 pair of boots
Stlth    +.........             m - amulet "Affet" {RegenMP *Corrode Will++ MP+9 SInv}
HPRegen  0.31/turn              y - ring of the Trout {rPois rF+ Str+6 Int+2 Dex+3}
MPRegen  0.47/turn              J - ring of Paranoia {rElec rC+ rCorr Str-5 Int+3 Slay+4}

@: protected from physical damage, corroded, repel missiles
A: breathe frost, AC +9, unfitting armour, cold resistance 1, cold-blooded
a: Breathe Frost, Renounce Religion, Upheaval, Elemental Force, Disaster Area


You were on level 2 of the Spider Nest.
You worshipped Qazlal.
Qazlal was extremely pleased with you.
You visited 4 branches of the dungeon, and saw 21 of its levels.
You also visited: Ossuary and Ice Cave.

You collected 3701 gold pieces.
You spent 2581 gold pieces at shops.

Inventory:

Hand Weapons
 R - a +5 trident of distortion (weapon)
Missiles
 d - 24 poisoned darts (quivered)
 g - 713 stones
 n - 6 boomerangs of dispersal
 E - 5 throwing nets
Armour
 b - a +0 kite shield (worn)
 f - a +0 pair of gloves (worn)
 r - a +0 pair of boots (worn)
 A - a +0 cloak (worn)
 K - a +0 hat (worn)
Jewellery
 m - the amulet "Affet" (around neck) {RegenMP *Corrode Will++ MP+9 SInv}
   (You found it in an ice cave)

   [amulet of magic regeneration]

   It increases your rate of magic regeneration.
   MP:        It affects your magic capacity (+9).
   SInv:      It lets you see invisible.
   *Corrode:  It may corrode you when you take damage.
   Will:      It greatly increases your willpower.
 y - the ring of the Trout (left hand) {rPois rF+ Str+6 Int+2 Dex+3}
   (You bought it in a shop on level 9 of the Dungeon)

   [ring of strength]

   Str:       It affects your strength (+6).
   Int:       It affects your intelligence (+2).
   Dex:       It affects your dexterity (+3).
   rF:        It protects you from fire.
   rPois:     It protects you from poison.
 z - a ring of flight
 D - a ring of protection from cold
 J - the ring of Paranoia (right hand) {rElec rC+ rCorr Str-5 Int+3 Slay+4}
   (You bought it in a shop on level 2 of the Orcish Mines)

   [ring of slaying]

   Str:       It affects your strength (-5).
   Int:       It affects your intelligence (+3).
   Slay:      It affects your accuracy & damage with ranged weapons and melee
   (+4).
   rC:        It protects you from cold.
   rElec:     It insulates you from electricity.
   rCorr:     It protects you from acid and corrosion.
 M - the amulet "Coudgh" {-Tele Rampage rPois Regen+ Int+4}
   (You acquired it on level 2 of the Spider Nest)

   [amulet of regeneration]

   Int:       It affects your intelligence (+4).
   rPois:     It protects you from poison.
   -Tele:     It prevents most forms of teleportation.
   Regen:     It increases your rate of health regeneration.
   Rampage:   It bestows one free step when moving towards enemies.
 P - a ring of protection from fire
Wands
 e - a wand of digging (7)
 j - a wand of flame (50)
 o - a wand of charming (11)
 t - a wand of polymorph (15)
 F - a wand of iceblast (2)
Scrolls
 a - 3 scrolls of fear
 h - 3 scrolls of immolation
 l - 10 scrolls of teleportation
 p - 5 scrolls of magic mapping
 s - 2 scrolls of blinking
 v - a scroll of torment {unknown}
 w - 2 scrolls of fog {unknown}
 B - a scroll of enchant weapon {unknown}
 I - 6 scrolls of enchant armour
 L - a scroll of silence
 X - 2 scrolls of summoning
Potions
 c - 3 potions of might
 i - 4 potions of invisibility
 k - a potion of haste
 q - 2 potions of cancellation
 u - a potion of brilliance
 C - 3 potions of mutation
 G - 6 potions of flight
 H - 5 potions of lignification
 N - 2 potions of magic
 O - a potion of berserk rage
Miscellaneous
 S - a box of beasts
 T - a phantom mirror
 Y - a condenser vane


   Skills:
 + Level 10.8 Fighting
 - Level 2.0(8.8) Axes
 * Level 13.0(13.1) Polearms
 - Level 6.0 Dodging
 * Level 12.0 Shields
 - Level 4.0 Spellcasting
 + Level 9.4 Summonings
 + Level 3.5 Transmutations
 + Level 9.5 Air Magic
 + Level 8.2 Invocations
 - Level 12.0 Evocations


You had 11 spell levels left.
You knew the following spells:

 Your Spells              Type           Power      Damage    Failure   Level
a - Summon Lightning Spi  Summ/Air       39%        N/A       4%          4
b - Storm Form            Tmut/Air       14%        N/A       100%        7

Your spell library contained the following spells:

 Spells                   Type           Power      Damage    Failure   Level
 Call Imp                 Summ           39%        N/A       1%          2
 Summon Guardian Golem    Hex/Summ       21%        N/A       9%          3
 Sting                    Tmut/Pois      40%        1d5       10%         1
 Mephitic Cloud           Conj/Pois/Air  15%        N/A       16%         3
 Animate Skeleton         Necr           6%         N/A       21%         1
 Magic Dart               Conj           12%        1d3       21%         1
 Pain                     Necr           12%        1d4       21%         1
 Blink                    Tloc           N/A        N/A       30%         2
 Searing Ray              Conj           6%         3d3       30%         2
 Slow                     Hex            3%         N/A       30%         2
 Confusing Touch          Hex            3%         N/A       52%         3
 Ozocubu's Armour         Ice            3%         N/A       52%         3
 Portal Projectile        Hex/Tloc       6%         N/A       52%         3
 Vampiric Draining        Necr           1%         2d6       52%         3
 Shadow Creatures         Summ           N/A        N/A       54%         6
 Summon Forest            Summ/Tloc      10%        N/A       63%         5
 Summon Mana Viper        Hex/Summ       21%        N/A       63%         5
 Blade Hands              Tmut           8%         N/A       77%         5
 Fulminant Prism          Conj/Hex       1%         3d6       89%         4
 Excruciating Wounds      Necr           1%         N/A       99%         5
 Fireball                 Conj/Fire      1%         3d3       99%         5
 Manifold Assault         Tloc           3%         N/A       99%         5
 Metabolic Englaciation   Hex/Ice        1%         N/A       99%         5
 Simulacrum               Ice/Necr       1%         N/A       100%        6
 Starburst                Conj/Fire      1%         8x6d3     100%        6
 Orb of Destruction       Conj           1%         N/A       100%        7
 Ozocubu's Refrigeration  Ice            1%         4d5       100%        7
 Spellforged Servitor     Conj/Summ      10%        N/A       100%        7
 Ignition                 Fire           1%         3d3       100%        8
 Maxwell's Capacitive Co  Air            20%        ∞         100%        8


Dungeon Overview and Level Annotations

Branches:
Dungeon (10/15)            Temple (0/1) D:7            Lair (6/6) D:10
 Shoals (0/4) Lair:2       Spider (3/4) Lair:4        Slime (0/5) Lair:5
    Orc (2/2) D:10            Elf (0/3) Orc:2       Ossuary (visited)
  IceCv (visited)

Altars:
Elyvilon
Gozag
Nemelex Xobeh
Qazlal
Ru
Xom
Yredelemnul
Zin
The Shining One
Beogh

Shops:
D:2 !   D:4 *   D:5 !   D:9 =   Orc:2 (=((:

Annotations:
D:4 1 runed translucent door, yodipie's ghost, amateur DrFi


Innate Abilities, Weirdness & Mutations

You can breathe waves of freezing cold which knock back foes.
Your icy white scales are hard. (AC +9)
You cannot fit into any form of body armour.
Your flesh is cold resistant. (rC+)
You are cold-blooded and may be slowed by cold attacks.


Message History

There is a stone staircase leading up, spattered with blood here.
You feel extremely sick. You block the redback's attack.
The jumping spider pounces on you! The jumping spider bites you.
You block the demonic crawler's attack. x2
The demonic crawler hits you.
The jumping spider leaps!
You block the redback's attack.
The redback is engulfed in freezing vapours.
You block the redback's attack. The redback bites you.
The demonic crawler closely misses you. x2; The demonic crawler hits you!
You feel protected from physical attacks.
The tarantella is engulfed in blazing flames.
You kill the tarantella!
Qazlal accepts your kill.
The redback bites you but does no damage.
The jumping spider leaps! x2; The demonic crawler closely misses you.
The demonic crawler barely misses you. The demonic crawler hits you.
Your corrosive artefact corrodes you!
The redback barely misses you. The redback bites you.
You are lethally poisoned!
The redback poisons you!
The demonic crawler hits you but does no damage.
The demonic crawler hits you! The demonic crawler closely misses you.
The redback bites you!
* * * LOW HITPOINT WARNING * * *
You climb upwards.
You feel yourself speed up.
* * * LOW HITPOINT WARNING * * *
You feel extremely sick.
There is a stone staircase leading down here.
You feel better. The demonic crawler barely misses you.
You block the demonic crawler's attack. x2; The redback closely misses you.
The redback bites you but does no damage.
The redback is engulfed in freezing vapours.
The redback bites you but does no damage. x2
The demonic crawler is engulfed in blazing flames.
You block the demonic crawler's attack.
The demonic crawler hits you but does no damage.
You block the demonic crawler's attack. The jumping spider closely misses you.
The jumping spider bites you.
You die...

###.#.## #............##... #
###......#####......#.....#.#..
###...................#..........
........................>........
.....^#..............^#..........
......#......#...##..............
.............#§..................
..#.....^.....§sss°..............
........#......s@#...............
..............☼sss....^..........
#.................☼..............
.........^.......................
......^..........................
............^..........^.........
......................<..........
.........^.......................
^....^...........^....^......)...


You could see 2 demonic crawlers, a jumping spider and 4 redbacks.

Vanquished Creatures
  Arachne (Spider:1)
  Kirke (Lair:4)
  An azure jelly (IceCv)
  An orc warlord (Orc:2)
  A ghost moth (Spider:1)
  An emperor scorpion (Spider:2)
  2 quicksilver oozes (IceCv)
  The ghost of Dani the Frost Mage, a journeyman OpEE of Sif Muna (Lair:5)
  A spark wasp (Spider:2)
  3 boulder beetles
  3 catoblepae
  2 hydras (Lair:6)
  Harold (D:10)
  The ghost of Xaytacwe the Reanimator, a journeyman GnNe of Cheibriados (Lair:1)
  2 centaur warriors (D:8)
  A merfolk avatar (Lair:6)
  2 two-headed ogres
  6 orc high priests (Orc:2)
  A skeletal warrior (D:8)
  The ghost of Caczuus the Covert, a novice SpEE of Ashenzari (Lair:1)
  Pikel (D:5)
  4 orc sorcerers
  7 wolf spiders
  4 orc knights
  5 orb spiders
  A manticore (Lair:5)
  2 cyclopes (D:8)
  13 elephants
  A moth of wrath (Spider:1)
  An ice statue (IceCv)
  4 black mambas
  A torpor snail (Lair:6)
  Joseph (Lair:1)
  Maggie (D:10)
  2 gargoyles
  13 cane toads
  An unseen horror (D:9)
  6 rime drakes
  4 demonic crawlers
  15 komodo dragons
  3 polar bears
  6 trolls
  11 jumping spiders
  23 blink frogs
  A snapping turtle (D:10)
  6 hornets
  22 slime creatures
  11 dream sheep
  A spriggan (shapeshifter) (D:8)
  A wraith (D:10)
  27 redbacks
  14 tarantellas
  6 wyverns
  Sigmund (D:6)
  2 shadows (D:10)
  44 yaks
  6 hogs (Lair:4)
  4 basilisks
  6 vampire mosquitoes
  Menkaure (D:4)
  2 steam dragons
  6 wargs
  5 demonic crawler simulacra (IceCv)
  20 water moccasins
  19 orc warriors
  3 ice beasts
  3 ugly thing simulacra (IceCv)
  3 necrophages
  A sky beast (D:8)
  6 ogres
  2 black bears
  14 wolves
  11 centaurs
  2 phantoms
  A kobold brigand (D:10)
  A lemure (D:5)
  12 bullfrogs
  6 water moccasin zombies
  3 gnoll sergeants
  3 scorpions
  A glowing shapeshifter simulacrum (IceCv)
  A water moccasin skeleton (D:6)
  A killer bee (D:8)
  6 wights
  3 howler monkeys
  2 electric eels
  4 centaur zombies
  43 orc priests
  3 bullfrog skeletons
  2 jellies
  3 iguanas
  Ijyb (D:3)
  18 orc wizards
  2 mummies (Ossuary)
  A hound skeleton (D:5)
  2 howler monkey zombies (D:8)
  3 adders
  13 white imps
  An ufetubus (D:4)
  4 adder zombies (Ossuary)
  A worm (D:4)
  103 orcs
  5 ball pythons
  5 bats
  5 endoplasms
  2 giant cockroaches
  6 gnoll zombies (Ossuary)
  6 goblins
  7 hobgoblins
  9 jackals
  3 frilled lizards
  5 hobgoblin zombies (Ossuary)
  6 kobolds
  6 kobold zombies (Ossuary)
  6 orc zombies (Ossuary)
  2 rats (D:1)
730 creatures vanquished.

Vanquished Creatures (collateral kills)
  A dire elephant (Lair:6)
  A centaur zombie (D:10)
  A troll (Orc:1)
  A redback (Spider:1)
  A demonic crawler simulacrum (IceCv)
  An orc warrior (Orc:1)
  2 orcs (Orc:1)
8 creatures vanquished.

Vanquished Creatures (others)
  A swamp drake (D:10)
  A bush (Lair:6)
  25 fungi
  60 plants
  6 toadstools (D:8)
93 creatures vanquished.

Grand Total: 831 creatures vanquished

Notes
Turn   | Place    | Note
-------+----------+-------------------------------------------
     0 | D:1      | airbender the Draconian Fighter began the quest for the
                  | Orb.
     0 | D:1      | Reached XP level 1. HP: 19/19 MP: 1/1
   269 | D:1      | Reached XP level 2. HP: 20/26 MP: 0/2
   384 | D:1      | Reached skill level 1 in Polearms
   474 | D:1      | Got Sif Muna's Handbook of Summoning and Intoxication
   931 | D:2      | Found Ziexegol's Distillery.
  1539 | D:2      | Reached XP level 3. HP: 26/31 MP: 1/3
  1675 | D:2      | Bought a potion of degeneration for 13 gold pieces
  2002 | D:3      | HP: 1/31 [orc priest (5)]
  2005 | D:3      | Reached skill level 1 in Evocations
  2005 | D:3      | Reached XP level 4. HP: 1/40 MP: 1/5
  2331 | D:3      | Reached skill level 2 in Polearms
  2615 | D:3      | Noticed an ogre
  3113 | D:3      | Noticed Ijyb
  3198 | D:3      | Killed Ijyb
  3199 | D:3      | Reached skill level 1 in Summonings
  3199 | D:3      | Reached XP level 5. HP: 42/46 MP: 2/6
  3530 | D:4      | Noticed Menkaure
  3534 | D:4      | Killed Menkaure
  3535 | D:4      | Reached skill level 1 in Spellcasting
  3535 | D:4      | Reached skill level 1 in Air Magic
  3535 | D:4      | Reached XP level 6. HP: 52/52 MP: 2/7
  3762 | D:4      | Found a runed translucent door.
  3765 | D:4      | Noticed yodipie's ghost (amateur DrFi)
  3874 | D:4      | Found Bexo's Assorted Antiques.
  3878 | D:4      | Bought a scroll labelled GIECUV MIDOSTRI for 23 gold pieces
  3878 | D:4      | Bought a scroll labelled EVETIK ESOVAO for 23 gold pieces
  4118 | D:4      | Reached skill level 3 in Polearms
  4587 | D:5      | Entered Level 5 of the Dungeon
  4587 | D:5      | Found Zoezu's Distillery.
  4587 | D:5      | Noticed Pikel
  4592 | D:5      | Killed Pikel
  4593 | D:5      | Your scales start taking on an icy white colour.
  4593 | D:5      | Reached XP level 7. HP: 60/60 MP: 2/10
  4593 | D:5      | Gained mutation: Your flesh is cold resistant. (rC+) [White
                  | Draconian growth]
  4791 | D:5      | Reached skill level 4 in Polearms
  4919 | D:5      | Found an opulent altar of Gozag.
  4920 | D:5      | Found a sacrificial altar of Ru.
  4920 | D:5      | Found a shimmering altar of Xom.
  4921 | D:5      | Found a glowing silver altar of Zin.
  4932 | D:5      | Reached XP level 8. HP: 61/67 MP: 3/11
  5882 | D:6      | Reached skill level 5 in Fighting
  5888 | D:6      | Reached skill level 5 in Polearms
  5888 | D:6      | Reached skill level 5 in Evocations
  5888 | D:6      | Reached XP level 9. HP: 30/74 MP: 3/13
  6313 | D:6      | Noticed Sigmund
  6320 | D:6      | Killed Sigmund
  6321 | D:6      | Reached skill level 5 in Shields
  6773 | D:6      | Found a glowing golden altar of the Shining One.
  6773 | D:6      | Found a stormy altar of Qazlal.
  6781 | D:6      | Became a worshipper of Qazlal Stormbringer
  7130 | D:7      | Found a sand-covered staircase.
  7139 | Ossuary  | Entered an ossuary
  7347 | Ossuary  | Reached * piety under Qazlal
  7357 | Ossuary  | Reached skill level 6 in Polearms
  7381 | Ossuary  | Learned a level 4 spell: Summon Lightning Spire
  8158 | D:7      | Noticed a gargoyle
  8452 | D:7      | Found a staircase to the Ecumenical Temple.
  8470 | D:7      | Reached XP level 10. HP: 58/83 MP: 5/15
  8688 | D:7      | Reached skill level 5 in Dodging
  8979 | D:8      | Reached ** piety under Qazlal
  9728 | D:8      | Reached skill level 7 in Polearms
 10111 | D:8      | Noticed a centaur warrior
 10130 | D:8      | Killed a centaur warrior
 10505 | D:8      | Noticed a centaur warrior
 10505 | D:8      | Noticed a gargoyle
 10511 | D:8      | Noticed a boulder beetle
 10511 | D:8      | Noticed a cyclops
 10513 | D:8      | Killed a gargoyle
 10514 | D:8      | Reached skill level 5 in Air Magic
 10515 | D:8      | Noticed a cyclops
 10517 | D:8      | Killed a centaur warrior
 10518 | D:8      | Reached skill level 5 in Summonings
 10518 | D:8      | Noticed a skeletal warrior
 10519 | D:8      | Killed a cyclops
 10520 | D:8      | Reached XP level 11. HP: 62/91 MP: 17/17
 10529 | D:8      | Killed a skeletal warrior
 10530 | D:8      | Reached skill level 8 in Polearms
 10554 | D:8      | Killed a boulder beetle
 10565 | D:8      | Identified the -5 pair of gloves of Xotet {rElec rPois rF++
                  | Str-3 Slay+2}
 11224 | D:8      | Found a sparkling altar of Nemelex Xobeh.
 11997 | D:9      | Found a basalt altar of Yredelemnul.
 12053 | D:9      | Found a white marble altar of Elyvilon.
 12171 | D:9      | Reached skill level 1 in Invocations
 12339 | D:9      | Found Soneggoo's Jewellery Boutique.
 12347 | D:10     | Entered Level 10 of the Dungeon
 12499 | D:10     | Noticed Harold
 12526 | D:10     | Killed Harold
 12529 | D:10     | Reached *** piety under Qazlal
 12806 | D:10     | Found a staircase to the Lair.
 13180 | D:10     | Reached skill level 9 in Polearms
 13239 | D:10     | Noticed Maggie
 13263 | D:10     | Killed Maggie
 13280 | D:10     | HP: 3/94 [centaur/arrow (7)]
 13746 | D:10     | Reached XP level 12. HP: 40/101 MP: 18/18
 14153 | D:10     | Noticed a two-headed ogre
 14165 | D:10     | Killed a two-headed ogre
 14400 | D:10     | Found a staircase to the Orcish Mines.
 14759 | Lair:1   | Entered Level 1 of the Lair of Beasts
 14820 | Lair:1   | Noticed Joseph
 14852 | Lair:1   | Killed Joseph
 15536 | Lair:1   | Found a runed translucent gate.
 15537 | Lair:1   | Found a runed translucent gate.
 15538 | Lair:1   | Found a runed translucent gate.
 15539 | Lair:1   | Noticed Caczuus's ghost (novice SpEE)
 15540 | Lair:1   | Noticed Xaytacwe's ghost (journeyman GnNe)
 15624 | Lair:1   | Reached **** piety under Qazlal
 16792 | Lair:2   | Found a staircase to the Shoals.
 16846 | Lair:2   | Noticed a catoblepas
 16867 | Lair:2   | Killed a catoblepas
 16942 | Lair:2   | Noticed a catoblepas
 16973 | Lair:2   | Killed a catoblepas
 17066 | Lair:2   | Reached skill level 10 in Polearms
 17093 | Lair:2   | Reached skill level 10 in Evocations
 18264 | Lair:2   | Reached XP level 13. HP: 108/108 MP: 19/19
 19419 | Lair:3   | Identified the +9 falchion "Plog" {flame, *Corrode rC++
                  | rN+}
 19521 | Lair:4   | Noticed Kirke
 19548 | Lair:4   | Killed Kirke
 19548 | Lair:4   | Reached ***** piety under Qazlal
 19995 | Lair:4   | Found a hole to the Spider Nest.
 20528 | Lair:5   | Reached skill level 5 in Invocations
 20554 | Lair:5   | Found a staircase to the Slime Pits.
 20623 | Lair:5   | Found a frozen archway.
 20623 | Lair:5   | You fall into a shaft and drop 1 floor!
 20623 | Lair:6   | Entered Level 6 of the Lair of Beasts
 20632 | Lair:5   | Found a runed translucent door.
 20632 | Lair:5   | Noticed Dani's ghost (journeyman OpEE)
 20992 | IceCv    | Entered an ice cave
 21391 | IceCv    | Noticed a quicksilver ooze
 21399 | IceCv    | Killed a quicksilver ooze
 21410 | IceCv    | Reached skill level 11 in Polearms
 21754 | IceCv    | Noticed an azure jelly
 21773 | IceCv    | Killed an azure jelly
 21774 | IceCv    | Noticed a quicksilver ooze
 21781 | IceCv    | Killed a quicksilver ooze
 22094 | IceCv    | Found a viscous altar of Jiyva.
 22117 | IceCv    | Identified the amulet "Affet" {RegenMP *Corrode Will++ MP+9
                  | SInv}
 22399 | D:9      | Bought the ring of the Trout {rPois rF+ Str+6 Int+2 Dex+3}
                  | for 1220 gold pieces
 22452 | Orc:1    | Entered Level 1 of the Orcish Mines
 22718 | Orc:1    | Reached XP level 14. HP: 104/118 MP: 20/20
 23188 | Orc:2    | Entered Level 2 of the Orcish Mines
 23194 | Orc:2    | Reached skill level 10 in Shields
 23273 | Orc:2    | Reached ****** piety under Qazlal
 23435 | Orc:2    | Found a staircase to the Elven Halls.
 23486 | Orc:2    | Noticed an orc warlord
 23507 | Orc:2    | Killed an orc warlord
 23769 | Orc:2    | Found Ysiahad's Weapon Shoppe.
 23809 | Orc:2    | HP: 3/119 [orc priest/divine providence (10)]
 24934 | Orc:2    | Found Hites's Book Boutique.
 24934 | Orc:2    | Found Hunlow's Weapon Shoppe.
 24985 | Orc:2    | Found Pirom's Jewellery Boutique.
 24985 | Orc:2    | Found Dagabri's Weapon Shoppe.
 25449 | Lair:1   | Killed Caczuus's ghost
 25453 | Lair:1   | Killed Xaytacwe's ghost
 25826 | Lair:5   | Killed Dani's ghost
 25868 | Lair:5   | Identified the +0 robe of the Exiled Ultimatums {Will+
                  | Dex+2 Stlth-}
 26662 | Lair:6   | Reached skill level 10 in Fighting
 27109 | Lair:6   | Reached skill level 12 in Polearms
 27137 | Lair:6   | Learned a level 7 spell: Storm Form
 27250 | Lair:6   | Identified 4 scrolls of acquirement
 27315 | Lair:6   | Reached skill level 1 in Transmutations
 27949 | Lair:6   | Reached XP level 15. HP: 118/126 MP: 21/21
 29344 | Orc:2    | Bought the ring of Paranoia {rElec rC+ rCorr Str-5 Int+3
                  | Slay+4} for 1302 gold pieces
 29595 | Spider:1 | Entered Level 1 of the Spider Nest
 29608 | Spider:1 | Noticed a ghost moth
 30003 | Spider:1 | Killed a ghost moth
 30974 | Spider:2 | Noticed Arachne
 31542 | Spider:1 | Killed Arachne
 33084 | Spider:2 | Reached skill level 13 in Polearms
 33087 | Spider:2 | Acquired the amulet "Coudgh" {-Tele Rampage rPois Regen+
                  | Int+4}
 33089 | Spider:2 | Acquired a +5 trident of distortion
 33095 | Spider:2 | Acquired 899 gold pieces
 33097 | Spider:2 | Acquired a +0 hat
 33556 | Spider:2 | HP: 1/128 [poisoned by a redback]
 33557 | Spider:2 | Slain by a jumping spider

Illustrated notes

Levels and vault maps discovered:
D:1:      sevenhm_arrival_forest_fort_large_2, layout_loops_ring,
          minmay_tetromino_o4
D:2:      layout_basic, serial_shops, nicolae_shop_window_shopping
D:3:      minmay_angry_zag, layout_loops_ring, item_on_display_a, uniq_ijyb
D:4:      layout_basic, serial_shops, shop, gammafunk_ghost_grave,
          minmay_misc_feat_pillars, minmay_stone_trees_medium,
          kennysheep_small_spiral, minmay_misc_feat_chi, minmay_crystal_water,
          uniq_menkaure
D:5:      layout_basic, chequers_temple_overflow_statue_of_worship,
          serial_shops, nicolae_stop_n_shop_2, water_maze_lemuel, uniq_pikel
D:6:      layout_loops_ring, gammafunk_temple_overflow_pools, item_on_display_a,
          uniq_sigmund
D:7:      layout_loops_ring, minmay_temple_entry_tees,
          nicolae_ossuary_entry_monument, kennysheep_generic_room_9
D:8:      minmay_the_grid_triangle_9x9_rhombus_full
          [minmay_the_grid_triangle_9x9_alien,
          minmay_the_grid_triangle_9x9_stretched_checkered,
          minmay_the_grid_triangle_9x9_corruption,
          minmay_the_grid_triangle_9x9_thin_v,
          minmay_the_grid_triangle_9x9_shrine,
          minmay_the_grid_triangle_9x9_warning,
          minmay_the_grid_triangle_9x9_skeleton,
          minmay_the_grid_triangle_9x9_prize_center], layout_basic,
          nicolae_overflow_crystal_walls, grunt_decor_one_mirror,
          minmay_gold_behind_fungi
D:9:      layout_cross, kennysheep_ying_yang, serial_shops, kennysheep_mini_moat
D:10:     layout_roguey [special_room_orc], erik_lair_dragon, orc_0_dummy,
          serial_aquarium, aquarium_bridge_straight [aquarium_subvault_bridge,
          aquarium_subvault_wall, aquarium_subvault_bridge,
          aquarium_subvault_window], aquarium_window_double,
          aquarium_window_fake, aquarium_view_2b, aquarium_view_2b,
          aquarium_balcony_3b, aquarium_pool_1, columned_hall_lemuel,
          kennysheep_generic_room_2, uniq_maggie, uniq_harold
Lair:1:   layout_gridlike, gammafunk_ghost_cemetery,
          infiniplex_staircase_pool_2, lemuel_fruit_fields, uniq_joseph
Lair:2:   layout_long_grid, minmay_shoals_entry_centaurs,
          infiniplex_staircase_pool, lemuel_fruit_tree
Lair:3:   layout_regular_city, hibernation_bobbens, serial_bayou_shore_b
Lair:4:   layout_roguey, spider_nest_entry_web_field, grunt_megastairs_4,
          uniq_kirke
Lair:5:   layout_loops_ring, slime_dummy, hellmonk_ghost_happy_afterlife,
          portal_ice_cave_entry_imps
Lair:6:   gammafunk_lair_ancient_temple, layout_long_grid
Spider:1: layout_spider_delve
Spider:2: layout_spider_delve, uniq_arachne
Spider:3: layout_spider_delve
Orc:1:    layout_caves, basic_altar
Orc:2:    st_orc_town, layout_diamond_mine, serial_shops, shop_fountains,
          library_closet

Skill      XL: |  1  2  3  4  5  6  7  8  9 10 11 12 13 14 15 |
---------------+----------------------------------------------+-----
Polearms       | 1 2 3 4 5 6 7 9 10 11 12 13 | 13.0
Dodging        | 3 4 5 6 |  6.0
Evocations     | 1 2 3 5 6 7 9 10 11 12 | 12.0
Summonings     | 1 2 3 4 5 6 7 8 9 |  9.4
Fighting       | 4 5 6 7 8 9 10 | 10.8
Spellcasting   | 1 2 3 4 |  4.0
Air Magic      | 1 2 3 4 5 6 7 8 9 |  9.5
Shields        | 4 5 6 7 8 9 11 12 | 12.0
Invocations    | 2 4 5 7 8 |  8.2
Transmutations | 1 3 |  3.5
Axes           | |  2.0

Action                   |  1- 3 |  4- 6 |  7- 9 | 10-12 | 13-15 || total
-------------------------+-------+-------+-------+-------+-------++-------
Melee: Trident           |   108 |   113 |   387 |   152 |    18 ||   778
       Tailslap          |    11 |    18 |    47 |   108 |   261 ||   445
       War axe           |     1 |       |       |       |       ||     1
       Spear             |       |       |       |   753 |  1596 ||  2349
       Unarmed           |       |       |       |       |     6 ||     6
Throw: Dart              |     3 |    12 |    13 |    14 |    12 ||    54
       Stone             |     1 |     2 |       |       |     3 ||     6
       Throwing net      |       |       |       |       |     2 ||     2
 Cast: Summon Lightning  |       |       |       |       |    12 ||    12
Invok: Upheaval          |       |       |       |       |    12 ||    12
       Elemental Force   |       |       |       |       |     1 ||     1
 Abil: Breathe Frost     |       |       |     2 |     3 |     1 ||     6
Evoke: Wand              |     1 |     5 |     3 |    20 |    14 ||    43
       Condenser vane    |       |       |       |     1 |     3 ||     4
       Box of beasts     |       |       |       |     1 |     3 ||     4
       Phantom mirror    |       |       |       |     1 |     1 ||     2
  Use: Scroll            |     4 |       |     4 |     8 |    16 ||    32
       Potion            |       |       |     1 |     2 |     8 ||    11
 Stab: Sleeping          |       |       |     1 |       |       ||     1
       Distracted        |       |       |       |     1 |     2 ||     3
       Petrified         |       |       |       |       |     7 ||     7
       Held in net/web   |       |       |       |       |     1 ||     1
Armor: Skin              |    25 |    35 |    88 |   167 |   294 ||   609
Dodge: Dodged            |    33 |    36 |   108 |   228 |   428 ||   833
       Repelled          |       |       |       |       |     9 ||     9
Block: Kite shield       |    49 |    44 |   162 |   467 |  1156 ||  1878
       Other             |       |       |       |       |     1 ||     1

Table legend: (Time is in decaauts)
 A = Elapsed time spent in this place.
 B = Non-inter-level travel time spent in this place.
 C = Inter-level travel time spent in this place.
 D = Time resting spent in this place.
 E = Time spent auto-exploring this place.
 F = Levels seen in this place.
 G = Mean time per level.
                   A        B        C        D        E       F      G
               +--------+--------+--------+--------+--------+-----+--------+
         Total |  33127 |  31072 |   2055 |   6503 |  19324 |  23 | 1440.3 |
       Dungeon |  15057 |  14099 |    958 |   1414 |  10418 |  10 | 1505.7 |
          Lair |  10707 |   9981 |    726 |   2543 |   5984 |   6 | 1784.5 |
   Spider Nest |   3137 |   2955 |    182 |   1362 |   1158 |   3 | 1045.7 |
  Orcish Mines |   2632 |   2444 |    188 |    889 |   1026 |   2 | 1316.0 |
       Ossuary |    437 |    437 |      0 |      0 |    233 |   1 |  437.0 |
      Ice Cave |   1155 |   1155 |      0 |    295 |    504 |   1 | 1155.0 |
               +--------+--------+--------+--------+--------+-----+--------+

Top non-repeatable levels by time:
    D:10: 2723 daAuts
  Lair:5: 2647 daAuts
     D:8: 2647 daAuts
  Lair:2: 2490 daAuts
  Lair:4: 1800 daAuts
  Lair:1: 1747 daAuts
     D:3: 1644 daAuts
Spider:2: 1619 daAuts
Spider:1: 1489 daAuts
   Orc:1: 1474 daAuts
     D:7: 1389 daAuts
     D:6: 1373 daAuts
     D:4: 1262 daAuts
     D:5: 1169 daAuts
   Orc:2: 1157 daAuts
